 Dungeon Crawl Stone Soup version 0.20-a0-792-g09bcfd3 (webtiles) character file.

606 sankara the Skirmisher (level 7, -4/59 HPs)
             Began as a Barachian Fighter on Feb 28, 2017.
             Shot with an arrow by a centaur (6 damage)
             ... on level 5 of the Dungeon.
             The game lasted 00:10:57 (4715 turns).

sankara the Skirmisher (Barachian Fighter)          Turns: 4715, Time: 00:10:58

Health: -4/59      AC:  6    Str: 18    XL:     7   Next: 42%
Magic:  7/7        EV:  7    Int:  8    God:
Gold:   282        SH: 10    Dex: 13    Spells: 6/6 levels left

rFire    . . .     SeeInvis .   a - +0 long sword
rCold    + . .     Gourm    .   b - +0 scale mail
rNeg     . . .     Faith    .   c - +0 shield
rPois    .         Spirit   .   (no helmet)
rElec    .         Reflect  .   l - scarf {rC+}
rCorr    .         Harm     .   (no gloves)
MR       .....                  (no boots)
Stlth    ..........             (no amulet)
Regen    0.2/turn               (no ring)
MPRegen  0.1/turn               (no ring)

@: lethally poisoned (-4 -> -7), slow
A: +LOS, swims, slowness 1, strong legs 1
a: Hop


You were on level 5 of the Dungeon.
You were not hungry.

You visited 1 branch of the dungeon, and saw 5 of its levels.

You collected 282 gold pieces.

Inventory:

Hand Weapons
 a - a +0 long sword (weapon)
Armour
 b - a +0 scale mail (worn)
 c - a +0 shield (worn)
 l - a scarf of cold resistance (worn)
Jewellery
 o - a cursed amulet of inaccuracy {unknown}
 v - a cursed ring of loudness {unknown}
 x - an uncursed amulet of harm {unknown}
Wands
 w - a wand of lightning (4/15)
Scrolls
 e - 2 scrolls of magic mapping {unknown}
 g - a scroll of enchant armour {unknown}
 i - 2 scrolls of teleportation {unknown}
 j - a scroll of recharging {unknown}
 k - 2 scrolls of remove curse {unknown}
 n - a scroll of fog {unknown}
 q - 2 scrolls of fear {unknown}
 r - 2 scrolls of identify {unknown}
 s - a scroll of enchant weapon {unknown}
Potions
 d - a potion of might
 m - a potion of curing
Comestibles
 f - 4 bread rations
 h - 2 royal jellies
 u - a meat ration


   Skills:
 + Level 6.8 Fighting
 + Level 5.7 Long Blades
 - Level 3.6 Armour
 + Level 5.7 Shields


You had 6 spell levels left.
You didn't know any spells.

Dungeon Overview and Level Annotations

Branches:
Dungeon (5/15)
 Temple: D:4-7

Altars:
Sif Muna


Innate Abilities, Weirdness & Mutations

Shadows flee at your approach. (+LOS)
You can swim through water.
You cover ground slowly.
You can hop short distances.


Message History

a spear; 5 gold pieces You hit the centaur but do no damage.
You feel sick. The centaur hits you.
The gnoll hits you from afar with a spear.
* * * LOW HITPOINT WARNING * * *
You block the centaur's attack.
The crimson imp blinks!
The gnoll hits you from afar with a spear!
* * * LOW HITPOINT WARNING * * *
You hit the centaur but do no damage.
You feel sick.
You block the centaur's attack. x2; The gnoll hits you but does no damage.
The centaur wields an uncursed shortbow.
The centaur shoots an arrow.
You block the arrow.
Things that are here:
3 arrows; a worker ant corpse You feel sick.
The centaur shoots an arrow.
You block the arrow.
The centaur shoots an arrow.
The arrow hits you.
* * * LOW HITPOINT WARNING * * *
The crimson imp blinks!
You see here 2 arrows.
The centaur shoots an arrow.
The arrow hits you.
You die...

##+#'###.....##............# #.#.
#........#..#..............####..
#.....####''####+#########.#.....
#.....#≈§≈..≈≈≈# .........#.....
#.....#≈§...).§#############.....
##+#<##§.####.≈#.................
......#≈.####.≈#####......##.....
......#≈.####.§#..........>#.....
......#≈.####.≈#@###......##.....
##...##≈§§.§§§≈#(# #......##.....
......#≈§≈..≈≈≈#(# #......##.....
......## #§§ #)# #......##.....
.......###..#+##c###......#######
.......##......gg.##......# #
.......##......W..#########
.......##.....†.§.#
.......##.......?.#


You could see a phantom, a centaur and 2 gnolls.

Vanquished Creatures
  An ogre (D:4)
  A bullfrog (D:5)
  A howler monkey (D:5)
  2 hounds (D:5)
  An orc priest (D:5)
  An orc wizard (D:5)
  A centaur skeleton (D:4)
  6 worker ants
  A hound skeleton (D:4)
  A gnoll (D:5)
  4 adders
  3 oozes
  2 worms
  A dart slug (D:4)
  3 leopard geckos
  2 orcs (D:5)
  3 giant cockroaches
  4 goblins
  3 hobgoblins
  10 jackals
  2 kobolds (D:2)
  A quokka (D:5)
  A ball python (D:3)
  A ball python zombie (D:5)
  2 bats (D:3)
  3 frilled lizards
  A quokka zombie (D:5)
  7 rats
69 creatures vanquished.

Notes
Turn   | Place    | Note
-------+----------+-------------------------------------------
     0 | D:1      | sankara the Barachian Fighter began the quest for the Orb.
     0 | D:1      | Reached XP level 1. HP: 18/18 MP: 1/1
    85 | D:1      | Reached XP level 2. HP: 25/25 MP: 2/2
   680 | D:2      | Reached skill level 4 in Fighting
   680 | D:2      | Reached XP level 3. HP: 27/30 MP: 3/3
   762 | D:2      | Found a deep blue altar of Sif Muna.
  1530 | D:3      | Reached XP level 4. HP: 37/38 MP: 4/4
  2233 | D:4      | Reached skill level 5 in Fighting
  2233 | D:4      | Reached XP level 5. HP: 44/44 MP: 5/5
  2305 | D:4      | Noticed an ogre
  2308 | D:4      | Noticed a phantom
  2317 | D:4      | Killed an ogre
  3157 | D:3      | Paralysed by fainting for 9 turns
  3202 | D:4      | Paralysed by fainting for 5 turns
  3218 | D:4      | Paralysed by fainting for 11 turns
  3232 | D:5      | Entered Level 5 of the Dungeon
  3235 | D:5      | Paralysed by fainting for 11 turns
  3267 | D:4      | Reached XP level 6. HP: 4/51 MP: 6/6
  3270 | D:4      | HP: 2/51 [poisoned by a worker ant]
  3695 | D:5      | Reached skill level 5 in Shields
  3938 | D:5      | Reached skill level 6 in Fighting
  4178 | D:5      | Reached skill level 5 in Long Blades
  4204 | D:5      | Reached XP level 7. HP: 19/59 MP: 7/7
  4714 | D:5      | HP: 1/59 [centaur/arrow (4)]
  4715 | D:5      | Shot with an arrow by a centaur

Vault maps used:
D:1:      minmay_arrival_four_houses, minivault_27, minmay_misc_feat_columns
D:2:      lemuel_blue_sif_altar, grunt_decor_mini_mirrors
D:3:      first_bread
D:4:      minmay_temple_entry_purple_smoke, minmay_misc_feat_four_crosses,
          minmay_misc_feat_rows
D:5:      grunt_temple_overflow_open, minivault_26, kennysheep_generic_room_6

Skill      XL: |  1  2  3  4  5  6 |
---------------+-------------------+-----
Long Blades    | 3 4 5 |  5.7
Fighting       | 4 5 6 |  6.8
Shields        | 4 5 |  5.7
Armour         | |  3.6

Action                   |  1- 3 |  4- 6 |  7- 9 || total
-------------------------+-------+-------+-------++-------
Melee: Long sword        |   105 |   193 |    75 ||   373
  Use: Potion            |     1 |     4 |     1 ||     6
  Eat: Chunk             |     3 |     7 |     2 ||    12
       Royal jelly       |       |     1 |       ||     1
Armor: Scale mail        |    43 |    71 |    30 ||   144
       Skin              |       |     5 |       ||     5
Dodge: Dodged            |    28 |    45 |    18 ||    91
Block: Shield            |    64 |   113 |    55 ||   232
       Rpst.: Long sword |     5 |    17 |     6 ||    28
